 Dungeon Crawl Stone Soup version 0.25.0-37-gb73750e (webtiles) character file.

Game seed: 65892896133715786

514 fozzywoppz the Chopper (level 7, -2/52 HPs)
             Began as a Demonspawn Abyssal Knight on July 9, 2020.
             Was a Priest of Lugonu.
             Slain by Duvessa
             ... wielding a +0 short sword
              (5 damage)
             ... on level 4 of the Dungeon.
             The game lasted 00:08:26 (4032 turns).

fozzywoppz the Chopper (Demonspawn Abyssal Knight)  Turns: 4032, Time: 00:08:27

Health: -2/52      AC: 10    Str: 15    XL:     7   Next: 0%
Magic:  10/10      EV: 11    Int: 13    God:    Lugonu [***...]
Gold:   178        SH:  0    Dex: 12    Spells: 6/6 levels left

rFire    . . .     SeeInvis .   a - +1 hand axe
rCold    . . .     Gourm    .   (no shield)
rNeg     . . .     Faith    .   d - +0 ring mail
rPois    .         Spirit   .   j - +1 helmet
rElec    .         Reflect  .   (no cloak)
rCorr    .         Harm     .   (no gloves)
MR       .....                  f - +0 pair of boots
Stlth    ++........             (no amulet)
HPRegen  0.17/turn              (no ring)
MPRegen  0.12/turn              (no ring)

@: hasted, very quick
A: iridescent scales 1, nightstalker 1, powered by pain 1
a: Depart the Abyss, Bend Space, Banish, Renounce Religion


You were on level 4 of the Dungeon.
You worshipped Lugonu.
Lugonu was most pleased with you.
You were not hungry.

You visited 1 branch of the dungeon, and saw 4 of its levels.
You visited the Abyss 1 time.
You also visited: Sewer.

You collected 178 gold pieces.

Inventory:

Hand Weapons
 a - a +1 hand axe (weapon)
Armour
 d - a +0 ring mail (worn)
 f - a +0 pair of boots (worn)
 j - a +1 helmet (worn)
Jewellery
 b - an uncursed ring of ice
 r - an uncursed ring of teleportation
Scrolls
 h - a scroll of teleportation
 k - 2 scrolls of remove curse
 n - 2 scrolls of fog {unknown}
 s - a scroll of identify
Potions
 e - a potion of flight
 g - a potion of mutation {unknown}
 i - a potion of curing
 l - a potion of lignification {unknown}
 o - a potion of might {unknown}
 p - a potion of brilliance {unknown}
 t - a potion of stabbing {unknown}
Comestibles
 c - 10 rations
 m - a chunk of flesh


   Skills:
 - Level 3.0 Fighting
 + Level 5.3 Axes
 - Level 3.0 Armour
 - Level 2.0 Dodging
 - Level 5.0 Invocations


You had 6 spell levels left.
You didn't know any spells.
Your spell library was empty.

Dungeon Overview and Level Annotations

Branches:
Dungeon (4/15)              Sewer (visited)
 Temple: D:4-7

Altars:
Ashenzari
Kikubaaqudgha
Makhleb
Nemelex Xobeh
Sif Muna

Annotations:
D:4 Duvessa


Innate Abilities, Weirdness & Mutations

You are partially covered in iridescent scales. (AC +2)
You are slightly more attuned to the shadows.
You sometimes gain a little power by taking damage.


Message History

* * * LOW HITPOINT WARNING * * *
You barely miss Duvessa.
Duvessa is severely wounded.
Duvessa hits you but does no damage.
You closely miss Duvessa.
Duvessa is severely wounded.
Duvessa hits you but does no damage.
You hit Duvessa but do no damage.
Duvessa is severely wounded.
Duvessa hits you with a +0 short sword.
* * * LOW HITPOINT WARNING * * *
You barely miss Duvessa.
Duvessa is severely wounded.
Duvessa barely misses you.
You feel yourself speed up. Duvessa hits you with a +0 short sword.
* * * LOW HITPOINT WARNING * * *
You hit Duvessa but do no damage.
Duvessa is severely wounded.
Duvessa hits you with a +0 short sword.
You die...

#..###^^#
.......^(^
.#.#...... ...#
<....#.^^. ...#
.#.###.≈≈. ^..#
.......#≈^. ###≈.#
##..##.≈.#^.^#^...#
##....≈..(.^...e.#
#..##.## ##@# #..#
#..#
##.##########.##
#............#
##.########.## #>#
#....# #####.#
#.####
#.....#####.#
#..##.#.....#


You could see Duvessa.

Vanquished Creatures
  Purgy (Sewer)
  An ogre (D:4)
  A howler monkey (D:2)
  Natasha (twice) (D:2)
  3 gnolls (D:2)
  11 adders
  2 oozes
  2 worms (D:2)
  3 dart slugs
  A leopard gecko (D:3)
  4 orcs (D:4)
  7 giant cockroaches
  9 goblins
  7 hobgoblins
  14 jackals
  4 kobolds
  9 ball pythons
  6 bats (D:1)
  10 frilled lizards
  9 rats
106 creatures vanquished.

Vanquished Creatures (others)
  An orc wizard (D:3)
1 creature vanquished.

Grand Total: 107 creatures vanquished

Notes
Turn   | Place    | Note
-------+----------+-------------------------------------------
     0 | Abyss:1  | fozzywoppz the Demonspawn Abyssal Knight began the quest
                  | for the Orb.
     0 | Abyss:1  | Reached XP level 1. HP: 18/18 MP: 2/2
    75 | D:1      | Escaped the Abyss
   116 | D:1      | Reached skill level 1 in Dodging
   237 | D:1      | Gained mutation: You are partially covered in iridescent
                  | scales. (AC +2) [demonic ancestry]
   237 | D:1      | Reached XP level 2. HP: 18/24 MP: 4/4
   755 | D:1      | Reached ** piety under Lugonu
   803 | D:1      | Reached XP level 3. HP: 29/29 MP: 5/5
  1018 | D:2      | Found a burning altar of Makhleb.
  1225 | D:2      | Found an ancient bone altar of Kikubaaqudgha.
  1628 | D:2      | Reached XP level 4. HP: 34/35 MP: 6/6
  1718 | D:2      | Noticed Natasha
  1726 | D:2      | Killed Natasha
  1726 | D:2      | Gained mutation: You sometimes gain a little power by
                  | taking damage. [demonic ancestry]
  1726 | D:2      | Reached XP level 5. HP: 26/41 MP: 6/8
  2136 | D:2      | Found a sparkling altar of Nemelex Xobeh.
  2208 | D:2      | Noticed Natasha
  2224 | D:2      | Killed Natasha
  2564 | D:3      | Reached *** piety under Lugonu
  2652 | D:3      | Found a shattered altar of Ashenzari.
  2830 | D:3      | Reached skill level 5 in Invocations
  2873 | D:3      | Found a shimmering blue altar of Sif Muna.
  3050 | D:4      | Gained mutation: You are slightly more attuned to the
                  | shadows. [demonic ancestry]
  3050 | D:4      | Reached XP level 6. HP: 47/47 MP: 9/9
  3276 | D:4      | Found a glowing drain.
  3317 | Sewer    | Entered a sewer
  3630 | Sewer    | Noticed Purgy
  3665 | Sewer    | Killed Purgy
  3665 | Sewer    | Reached skill level 5 in Axes
  3849 | Sewer    | Reached XP level 7. HP: 51/52 MP: 10/10
  3989 | D:4      | Noticed Duvessa
  4032 | D:4      | Slain by Duvessa

Illustrated notes

Levels and vault maps discovered:
D:1:      co_arrival_square_in_a_square_in_a_square, layout_loops_ring,
          nrook_uturn, solitary_fountain
D:2:      layout_basic, nicolae_overflow_hidden_temple, nemelex_altar_shiori,
          kiku_gazebo_garden_becter, uniq_natasha
D:3:      layout_rooms, cheibrodos_ashenzari_chains, led_sif_book, first_ration,
          serial_park_tiny_pond
D:4:      kennysheep_six_static_rooms, layout_basic, kennysheep_mini_moat,
          kennysheep_slug_shrine, serial_glass, glass_columns_a,
          glass_columns_a, gup_sewer_entry_glass, grunt_qazlal_sundering,
          uniq_duvessa, uniq_sigmund

Skill      XL: |  1  2  3  4  5  6 |
---------------+-------------------+-----
Dodging        | 1 2 |  2.0
Armour         | 2 3 |  3.0
Axes           | 2 3 5 |  5.3
Invocations    | 3 4 5 |  5.0
Fighting       | |  3.0

Action                   |  1- 3 |  4- 6 |  7- 9 || total
-------------------------+-------+-------+-------++-------
Melee: Hand axe          |   165 |   273 |    38 ||   476
Invok: Bend Space        |       |     1 |       ||     1
  Use: Scroll            |       |     9 |       ||     9
       Potion            |       |     2 |     2 ||     4
 Stab: Sleeping          |       |     1 |       ||     1
  Eat: Chunk             |     2 |     8 |     1 ||    11
Armor: Ring mail         |    98 |   163 |    13 ||   274
Dodge: Dodged            |   122 |   200 |    11 ||   333
